[Event "Deutsche Schachbundesliga 2010/11"]
[Site "Aue/Germany"]
[Date "2010.10.09"]
[Round "1.7"]
[White "Schebler, Gerhard"]
[Black "Eichner, Sebastian"]
[Result "0-1"]
[ECO "A11"]
[WhiteElo "2474"]
[BlackElo "2323"]
[Annotator "Robot 4"]
[PlyCount "84"]
[EventDate "2010.??.??"]
[WhiteTeam "MUL"]
[BlackTeam "AUE"]
[TimeControl "40/6000+30:20/3000+30:900+30"]

1. Nf3 d5 2. g3 Bg4 3. Bg2 Nd7 4. c4 e6 5. cxd5 exd5 6. O-O c6 7. d3 Bd6 8. Qc2
Ne7 9. e4 O-O 10. Nc3 Rc8 11. h3 Bh5 12. Ne2 c5 13. Nf4 Bxf3 14. Bxf3 Ne5 15.
Bg2 d4 16. Qd1 Qd7 17. a4 Bc7 18. Nh5 c4 19. dxc4 Nxc4 20. b3 Na5 21. Bh6 Be5
22. Bd2 Nec6 23. Rc1 g6 24. b4 gxh5 25. bxa5 h4 26. g4 d3 27. Rc5 Rfd8 28. Qb1
Qe7 29. Rfc1 Bd4 30. Rd5 Rxd5 31. exd5 Qe2 32. dxc6 Qxd2 33. Rd1 Qxf2+ 34. Kh1
bxc6 35. Qxd3 c5 36. Rf1 Qe3 37. Qf5 Rc7 38. g5 Qe5 39. Bd5 Qxf5 40. Rxf5 c4
41. Rf4 c3 42. Bb3 Be3 0-1

[Event "Deutsche Schachbundesliga 2010/11"]
[Site "Aue/Germany"]
[Date "2010.10.09"]
[Round "1.8"]
[White "Schnabel, Ralf"]
[Black "Litwak, Aleksej"]
[Result "0-1"]
[ECO "B40"]
[WhiteElo "2259"]
[BlackElo "2280"]
[Annotator "Robot 4"]
[PlyCount "46"]
[EventDate "2010.??.??"]
[WhiteTeam "AUE"]
[BlackTeam "MUL"]
[TimeControl "40/6000+30:20/3000+30:900+30"]

1. e4 c5 2. Nf3 e6 3. b3 b6 4. Bb2 Bb7 5. Nc3 Nc6 6. d4 cxd4 7. Nxd4 Bc5 8.
Nxc6 Bxc6 9. Bd3 Qh4 10. Qe2 Nf6 11. g3 Qh5 12. f3 Rc8 13. O-O-O Bb4 14. Nb5
Bxb5 15. Bxb5 O-O 16. Bxd7 Rc7 17. Bb5 Rfc8 18. Bd3 a5 19. Kb1 a4 20. Rc1 Qa5
21. Bc4 a3 22. Ba1 Rxc4 23. bxc4 Bc3 0-1

[Event "Deutsche Schachbundesliga 2010/11"]
[Site "Aue/Germany"]
[Date "2010.10.09"]
[Round "1.2"]
[White "Slobodjan, Roman"]
[Black "Tregubov, Pavel V"]
[Result "1/2-1/2"]
[ECO "B70"]
[WhiteElo "2559"]
[BlackElo "2610"]
[Annotator "Robot 4"]
[PlyCount "83"]
[EventDate "2010.??.??"]
[WhiteTeam "AUE"]
[BlackTeam "MUL"]
[TimeControl "40/6000+30:20/3000+30:900+30"]

1. e4 c5 2. Nf3 Nc6 3. d4 cxd4 4. Nxd4 g6 5. Nc3 Bg7 6. Nb3 Nf6 7. Be2 O-O 8.
O-O d6 9. Re1 b6 10. Nd5 Bb7 11. Nxf6+ Bxf6 12. c3 Qc7 13. Bh6 Rfd8 14. f4 e5
15. Qd2 Ne7 16. Bf3 d5 17. Qe3 Re8 18. Bg5 Bxg5 19. fxg5 dxe4 20. Bxe4 Nf5 21.
Qf2 Bxe4 22. Rxe4 Nd6 23. Re3 Qe7 24. h4 e4 25. Nd4 Rac8 26. Rf1 Rc5 27. Qf6
Qd7 28. Qf4 Rce5 29. Rfe1 b5 30. a3 a5 31. Kh2 Qc7 32. Rd1 a4 33. Nf3 R5e6 34.
Nd4 R6e7 35. Nc6 Qxc6 36. Qxd6 Qxd6+ 37. Rxd6 Re5 38. g4 Kg7 39. Kg3 h6 40. Kf4
hxg5+ 41. hxg5 Rc5 42. Rd4 1/2-1/2

[Event "Deutsche Schachbundesliga 2010/11"]
[Site "Aue/Germany"]
[Date "2010.10.09"]
[Round "1.6"]
[White "Spiess, Gunter"]
[Black "Saltaev, Mihail"]
[Result "0-1"]
[ECO "D15"]
[WhiteElo "2429"]
[BlackElo "2495"]
[Annotator "Robot 4"]
[PlyCount "54"]
[EventDate "2010.??.??"]
[WhiteTeam "AUE"]
[BlackTeam "MUL"]
[TimeControl "40/6000+30:20/3000+30:900+30"]

1. d4 d5 2. c4 c6 3. Nf3 Nf6 4. Nc3 a6 5. a4 e6 6. g3 a5 7. Bg2 Na6 8. O-O Be7
9. Nd2 Qb6 10. c5 Qa7 11. e4 b6 12. exd5 exd5 13. Re1 bxc5 14. Nc4 O-O 15. Nxa5
Nb4 16. Na2 Qxa5 17. Nxb4 Qxb4 18. Rxe7 cxd4 19. Re1 Bf5 20. b3 Bc2 21. Ba3 Qc3
22. Qc1 c5 23. Bb2 Qxb3 24. Ra3 Qb4 25. Ra1 d3 26. Ba3 Qa5 27. Re3 Rfe8 0-1

[Event "Deutsche Schachbundesliga 2010/11"]
[Site "Wattenscheid/Germany"]
[Date "2010.10.09"]
[Round "1.3"]
[White "Gordon, Stephen J"]
[Black "Bartel, Mateusz"]
[Result "1/2-1/2"]
[ECO "A81"]
[WhiteElo "2534"]
[BlackElo "2613"]
[Annotator "Robot 4"]
[PlyCount "76"]
[EventDate "2010.??.??"]
[WhiteTeam "TRI"]
[BlackTeam "WAT"]
[TimeControl "40/6000+30:20/3000+30:900+30"]

1. d4 f5 2. g3 Nf6 3. Bg2 g6 4. Nf3 Bg7 5. O-O O-O 6. b3 c5 7. e3 Ne4 8. Bb2 d5
9. c4 e6 10. cxd5 exd5 11. Qc1 b6 12. Rd1 Bb7 13. dxc5 Bxb2 14. Qxb2 bxc5 15.
Nc3 Qf6 16. Rac1 Na6 17. Na4 Qxb2 18. Nxb2 Rfd8 19. Na4 Rac8 20. Bf1 Nb4 21. a3
Nc6 22. Nxc5 Nxc5 23. Rxc5 Ne5 24. Rxc8 Nxf3+ 25. Kg2 Rxc8 26. Kxf3 Rc3 27. Kf4
Rxb3 28. Ke5 Kf8 29. a4 Ke7 30. Bg2 Rb2 31. Bxd5 Bxd5 32. Rxd5 Rxf2 33. Ra5
Rxh2 34. Rxa7+ Kd8 35. a5 Kc8 36. a6 Kb8 37. Rg7 Rg2 38. Rxh7 Rxg3 1/2-1/2

[Event "Deutsche Schachbundesliga 2010/11"]
[Site "Wattenscheid/Germany"]
[Date "2010.10.09"]
[Round "1.6"]
[White "Appel, Ralf"]
[Black "Cioara, Andrei Nestor"]
[Result "0-1"]
[ECO "E12"]
[WhiteElo "2544"]
[BlackElo "2427"]
[Annotator "Robot 4"]
[PlyCount "48"]
[EventDate "2010.??.??"]
[WhiteTeam "WAT"]
[BlackTeam "TRI"]
[TimeControl "40/6000+30:20/3000+30:900+30"]

1. d4 Nf6 2. Nf3 e6 3. c4 b6 4. a3 Bb7 5. Nc3 d5 6. Bg5 Be7 7. e3 O-O 8. Rc1
Nbd7 9. cxd5 exd5 10. Be2 Ne4 11. Bxe7 Qxe7 12. b4 Nxc3 13. Rxc3 c6 14. O-O a5
15. b5 c5 16. dxc5 Nxc5 17. Qd4 Rac8 18. Rfc1 Nb3 19. Rxc8 Bxc8 20. Qc3 Nxc1
21. Qxc1 Bg4 22. h3 Rc8 23. Qb2 Bxf3 24. Bxf3 Qc5 0-1

[Event "Deutsche Schachbundesliga 2010/11"]
[Site "Wattenscheid/Germany"]
[Date "2010.10.09"]
[Round "1.1"]
[White "Bobras, Piotr"]
[Black "Najer, Evgeniy"]
[Result "1/2-1/2"]
[ECO "C11"]
[WhiteElo "2535"]
[BlackElo "2672"]
[Annotator "Robot 4"]
[PlyCount "84"]
[EventDate "2010.??.??"]
[WhiteTeam "TRI"]
[BlackTeam "WAT"]
[TimeControl "40/6000+30:20/3000+30:900+30"]

1. e4 e6 2. d4 d5 3. Nc3 Nf6 4. e5 Nfd7 5. f4 c5 6. Nf3 Nc6 7. Be3 Be7 8. Qd2
O-O 9. Be2 b6 10. O-O f5 11. Nd1 cxd4 12. Nxd4 Nxd4 13. Bxd4 Nc5 14. Ne3 Ne4
15. Qe1 Bd7 16. c4 dxc4 17. Bxc4 Kh8 18. Rd1 Qe8 19. Qe2 Rd8 20. a3 Qg6 21. Rd3
Bc6 22. b4 Bh4 23. Rf3 b5 24. Bb3 Nc3 25. Bxc3 Rxd3 26. Qxd3 Bxf3 27. Qd6 Re8
28. Kf1 Be4 29. g3 Bd8 30. Bd4 Qh5 31. Qd7 Qf3+ 32. Ke1 Bc6 33. Qxa7 Qh1+ 34.
Nf1 Qe4+ 35. Be3 Qb1+ 36. Bd1 Be7 37. Nd2 Qa1 38. Bd4 Qc1 39. Nb3 Qc4 40. Nd2
Qc1 41. Nb3 Qc4 42. Nd2 Qc1 1/2-1/2

[Event "Deutsche Schachbundesliga 2010/11"]
[Site "Wattenscheid/Germany"]
[Date "2010.10.09"]
[Round "1.4"]
[White "Bogner, Sebastian"]
[Black "Jaracz, Pawel"]
[Result "1/2-1/2"]
[ECO "E11"]
[WhiteElo "2549"]
[BlackElo "2541"]
[Annotator "Robot 4"]
[PlyCount "55"]
[EventDate "2010.??.??"]
[WhiteTeam "WAT"]
[BlackTeam "TRI"]
[TimeControl "40/6000+30:20/3000+30:900+30"]

1. d4 Nf6 2. c4 e6 3. g3 Bb4+ 4. Bd2 Be7 5. Bg2 d5 6. Nf3 c6 7. O-O Nbd7 8. Qc2
O-O 9. Bf4 b6 10. Nc3 Ba6 11. cxd5 cxd5 12. Rfc1 Nh5 13. Bd2 Rc8 14. Qa4 Nb8
15. Ne5 Nf6 16. Nb5 Rxc1+ 17. Rxc1 Qe8 18. Nc6 Nxc6 19. Qxa6 Nb8 20. Qa4 a6 21.
Nc3 b5 22. Qc2 Qd7 23. Nb1 Ne8 24. Bf4 Bd6 25. Be3 Be7 26. Bf4 Bd6 27. Be3 Be7
28. Bf4 1/2-1/2

[Event "Deutsche Schachbundesliga 2010/11"]
[Site "Wattenscheid/Germany"]
[Date "2010.10.09"]
[Round "1.7"]
[White "Brunner, Nicolas"]
[Black "Handke, Florian"]
[Result "0-1"]
[ECO "D15"]
[WhiteElo "2451"]
[BlackElo "2494"]
[Annotator "Robot 4"]
[PlyCount "84"]
[EventDate "2010.??.??"]
[WhiteTeam "TRI"]
[BlackTeam "WAT"]
[TimeControl "40/6000+30:20/3000+30:900+30"]

1. d4 d5 2. c4 c6 3. Nf3 Nf6 4. Nc3 a6 5. a4 e6 6. g3 a5 7. Bg2 Be7 8. O-O O-O
9. b3 Na6 10. Bb2 b6 11. Ne5 Nb4 12. e4 Bb7 13. Qe2 Re8 14. Rad1 Qc8 15. Rd2
Qb8 16. Ng4 Ba6 17. Nxf6+ Bxf6 18. e5 Be7 19. f4 g6 20. g4 Ra7 21. Nd1 c5 22.
Ne3 dxc4 23. bxc4 cxd4 24. Bxd4 Rd7 25. Rfd1 Red8 26. Kh1 Bb7 27. h3 Bc6 28.
Bxc6 Nxc6 29. Bb2 Rxd2 30. Rxd2 Bb4 31. Rd3 Bc5 32. Nc2 Nb4 33. Nxb4 axb4 34.
Kh2 Qa8 35. Rxd8+ Qxd8 36. Kg3 b3 37. Bc3 Qd7 38. a5 bxa5 39. Bxa5 Qd4 40. Kf3
b2 41. Qc2 Qe3+ 42. Kg2 Qg1+ 0-1

[Event "Deutsche Schachbundesliga 2010/11"]
[Site "Wattenscheid/Germany"]
[Date "2010.10.09"]
[Round "1.8"]
[White "Hirneise, Tobias"]
[Black "Kolbus, Dietmar"]
[Result "1-0"]
[ECO "D45"]
[WhiteElo "2454"]
[BlackElo "2343"]
[Annotator "Robot 4"]
[PlyCount "135"]
[EventDate "2010.??.??"]
[WhiteTeam "WAT"]
[BlackTeam "TRI"]
[TimeControl "40/6000+30:20/3000+30:900+30"]

1. d4 d5 2. c4 c6 3. Nc3 Nf6 4. e3 e6 5. Nf3 Nbd7 6. Qc2 Bb4 7. a3 Bxc3+ 8.
bxc3 O-O 9. Be2 b6 10. O-O Ba6 11. cxd5 Bxe2 12. Qxe2 cxd5 13. Bb2 Qc7 14. Nd2
Rfc8 15. a4 Ne8 16. f3 Nd6 17. e4 Nc4 18. Nxc4 Qxc4 19. Qxc4 Rxc4 20. exd5 exd5
21. Rfe1 a6 22. Re7 Rd8 23. Kf2 h5 24. Ke2 g6 25. Kd3 Kg7 26. Bc1 Kf6 27. Re2
Rdc8 28. Bd2 R4c6 29. h4 Re6 30. Bg5+ Kg7 31. Rxe6 fxe6 32. Bf4 Kf6 33. g4 Rc4
34. a5 b5 35. gxh5 gxh5 36. Rg1 Ra4 37. Rg5 Rxa5 38. Rxh5 Ra2 39. Rh7 Nb6 40.
Bg5+ Kg6 41. Re7 Nc4 42. Rxe6+ Kf7 43. Re7+ Kg6 44. Rd7 Rf2 45. Rxd5 Rxf3+ 46.
Ke4 Rxc3 47. h5+ Kf7 48. Rd7+ Ke8 49. Re7+ Kf8 50. Ra7 Nd6+ 51. Kf4 Nf7 52. Bf6
Kg8 53. Ra8+ Kh7 54. Rf8 Rc7 55. d5 Kh6 56. Kf5 Kxh5 57. Ke6 Kg6 58. Be7 Nh6
59. d6 Rc2 60. Rf6+ Kh5 61. d7 Re2+ 62. Kd6 Ng8 63. Re6 Rd2+ 64. Kc7 Nxe7 65.
Rd6 Rxd6 66. Kxd6 Nf5+ 67. Ke6 Nd4+ 68. Kd5 1-0

[Event "Deutsche Schachbundesliga 2010/11"]
[Site "Wattenscheid/Germany"]
[Date "2010.10.09"]
[Round "1.2"]
[White "Macieja, Bartlomiej"]
[Black "Haslinger, Stewart"]
[Result "1/2-1/2"]
[ECO "C30"]
[WhiteElo "2639"]
[BlackElo "2552"]
[Annotator "Robot 4"]
[PlyCount "53"]
[EventDate "2010.??.??"]
[WhiteTeam "WAT"]
[BlackTeam "TRI"]
[TimeControl "40/6000+30:20/3000+30:900+30"]

1. e4 d6 2. Nc3 e5 3. f4 exf4 4. d4 Qh4+ 5. Ke2 b6 6. b4 Ba6+ 7. b5 Bb7 8. Nf3
Qf6 9. Kf2 Nd7 10. h4 h6 11. Kg1 O-O-O 12. Bc4 Ne7 13. Qd2 g5 14. hxg5 hxg5 15.
Rxh8 Qxh8 16. Nxg5 Bg7 17. Ne2 f3 18. gxf3 Bh6 19. Bxf7 Rf8 20. Be6 Rxf3 21.
Qe1 Bxg5 22. Bxg5 Bxe4 23. Qh4 Qxh4 24. Bxh4 Ng6 25. Bg3 Kd8 26. Bb3 Re3 27.
Kf2 1/2-1/2

[Event "Deutsche Schachbundesliga 2010/11"]
[Site "Wattenscheid/Germany"]
[Date "2010.10.09"]
[Round "1.5"]
[White "Seger, Ruediger"]
[Black "Rustemov, Alexander"]
[Result "1/2-1/2"]
[ECO "C10"]
[WhiteElo "2429"]
[BlackElo "2541"]
[Annotator "Robot 4"]
[PlyCount "121"]
[EventDate "2010.??.??"]
[WhiteTeam "TRI"]
[BlackTeam "WAT"]
[TimeControl "40/6000+30:20/3000+30:900+30"]

1. e4 e6 2. d4 d5 3. Nd2 dxe4 4. Nxe4 Bd7 5. Nf3 Bc6 6. Bd3 Nd7 7. O-O Ngf6 8.
Ng3 Be7 9. Re1 Bxf3 10. Qxf3 c6 11. c3 O-O 12. Ne4 Nxe4 13. Qxe4 g6 14. Bh6 Re8
15. Rad1 Bg5 16. Bxg5 Qxg5 17. g3 Rad8 18. h4 Qd5 19. a3 Qxe4 20. Bxe4 Kg7 21.
f4 h5 22. Kf2 Re7 23. Bf3 Nf6 24. c4 Red7 25. Ke3 Ne8 26. c5 Nf6 27. Rd3 Ng8
28. Red1 Ne7 29. Be4 Kf6 30. b4 Nf5+ 31. Bxf5 Kxf5 32. a4 f6 33. Rf1 Rd5 34. b5
R8d7 35. Rf2 a6 36. b6 Kg4 37. Rfd2 Re7 38. Kf2 Rf7 39. Ke3 Kf5 40. Rf2 Rfd7
41. Rf1 Kg4 42. Rfd1 Kf5 43. Rf1 Re7 44. Rf2 Kg4 45. Rfd2 Kf5 46. Rf2 Re8 47.
Rf1 Kg4 48. Rfd1 Rf5 49. Ke2 Re7 50. Re3 Rd5 51. Re4 Kf5 52. Ke3 e5 53. fxe5
fxe5 54. Rf1+ Ke6 55. Rf8 a5 56. dxe5 Rxe5 57. Rd8 Kf5 58. Rf8+ Ke6 59. Rd8 Kf5
60. Rf8+ Ke6 61. Rd8 1/2-1/2

[Event "Deutsche Schachbundesliga 2010/11"]
[Site "Baden-Baden/Germany"]
[Date "2010.10.09"]
[Round "1.6"]
[White "Guliyev, Namig"]
[Black "Michiels, Bart"]
[Result "1/2-1/2"]
[ECO "D46"]
[WhiteElo "2510"]
[BlackElo "2460"]
[Annotator "Robot 4"]
[PlyCount "87"]
[EventDate "2010.??.??"]
[WhiteTeam "EPP"]
[BlackTeam "REM"]
[TimeControl "40/6000+30:20/3000+30:900+30"]

1. d4 d5 2. Nf3 Nf6 3. c4 c6 4. Nc3 e6 5. e3 Nbd7 6. Bd3 Bd6 7. O-O O-O 8. e4
dxe4 9. Nxe4 Nxe4 10. Bxe4 h6 11. Bc2 e5 12. Re1 Bb4 13. Bd2 Bxd2 14. Qxd2 exd4
15. Nxd4 Nf6 16. Rad1 Re8 17. Rxe8+ Qxe8 18. h3 Qf8 19. Qf4 Bd7 20. a3 c5 21.
Nb5 Bc6 22. Nd6 Rd8 23. b4 b6 24. b5 Ba8 25. Qe5 Nd7 26. Qg3 Nf6 27. f3 Rd7 28.
Nf5 Rxd1+ 29. Bxd1 g6 30. Bc2 Nh5 31. Qh4 Bb7 32. Ne7+ Kg7 33. Qe1 Qd8 34. Qe5+
Nf6 35. Nc6 Qd2 36. Be4 Qc1+ 37. Kh2 Qxc4 38. Qc7 Nxe4 39. fxe4 Qxe4 40. Qxb7
Qf4+ 41. Kg1 Qe3+ 42. Kh2 Qf4+ 43. Kg1 Qe3+ 44. Kh2 1/2-1/2

[Event "Deutsche Schachbundesliga 2010/11"]
[Site "Baden-Baden/Germany"]
[Date "2010.10.09"]
[Round "1.5"]
[White "Bok, Benjamin"]
[Black "Ruck, Robert"]
[Result "1/2-1/2"]
[ECO "C41"]
[WhiteElo "2449"]
[BlackElo "2560"]
[Annotator "Robot 4"]
[PlyCount "53"]
[EventDate "2010.??.??"]
[WhiteTeam "REM"]
[BlackTeam "EPP"]
[TimeControl "40/6000+30:20/3000+30:900+30"]

1. e4 d6 2. d4 Nf6 3. Nc3 e5 4. Nf3 Nbd7 5. Bc4 Be7 6. O-O O-O 7. Re1 c6 8. a4
b6 9. d5 cxd5 10. Bxd5 Nxd5 11. Nxd5 Nf6 12. Nxf6+ Bxf6 13. b3 Bb7 14. Ba3 Be7
15. Qd3 Qc8 16. Rad1 Qe6 17. Nd2 Rad8 18. c4 Qg6 19. f3 Bh4 20. Re2 Bg5 21. Nf1
Bf4 22. Ne3 Bxe3+ 23. Rxe3 f5 24. exf5 Rxf5 25. Qe2 h6 26. Red3 Kh7 27. Kh1
1/2-1/2

[Event "Deutsche Schachbundesliga 2010/11"]
[Site "Baden-Baden/Germany"]
[Date "2010.10.09"]
[Round "1.4"]
[White "Braun, Arik"]
[Black "Dgebuadze, Alexandre"]
[Result "1-0"]
[ECO "E15"]
[WhiteElo "2527"]
[BlackElo "2537"]
[Annotator "Robot 4"]
[PlyCount "84"]
[EventDate "2010.??.??"]
[WhiteTeam "EPP"]
[BlackTeam "REM"]
[TimeControl "40/6000+30:20/3000+30:900+30"]

1. d4 e6 2. Nf3 Nf6 3. c4 b6 4. g3 Ba6 5. Qb3 Nc6 6. Nbd2 Bb7 7. e4 a5 8. a3 a4
9. Qc2 d6 10. d5 Nb8 11. Bh3 e5 12. Nb1 Bc8 13. Bxc8 Qxc8 14. Nc3 Qa6 15. Nb5
Qb7 16. Bg5 Nfd7 17. O-O Nc5 18. Rad1 Nbd7 19. Ne1 Be7 20. Bxe7 Kxe7 21. f4 f6
22. Qe2 Raf8 23. Nc2 g6 24. Nb4 Kf7 25. Nc6 Kg7 26. Rf3 Re8 27. Re3 Nb8 28. Nb4
Qc8 29. Rf1 h5 30. Na2 Re7 31. Nac3 h4 32. Qf2 hxg3 33. Rxg3 Nbd7 34. f5 g5 35.
Rxg5+ Kf8 36. Rg3 Reh7 37. Qg2 Kf7 38. Rff3 Qf8 39. Rg6 Ke7 40. Nxc7 Nb3 41.
Ne6 Qf7 42. Rfg3 Ke8 1-0

[Event "Deutsche Schachbundesliga 2010/11"]
[Site "Baden-Baden/Germany"]
[Date "2010.10.09"]
[Round "1.3"]
[White "Degraeve, Jean Marc"]
[Black "Bindrich, Falko"]
[Result "1-0"]
[ECO "C50"]
[WhiteElo "2569"]
[BlackElo "2522"]
[Annotator "Robot 4"]
[PlyCount "140"]
[EventDate "2010.??.??"]
[WhiteTeam "REM"]
[BlackTeam "EPP"]
[TimeControl "40/6000+30:20/3000+30:900+30"]

1. e4 e5 2. Nf3 Nc6 3. Bc4 Bc5 4. O-O Nf6 5. d4 Bxd4 6. Nxd4 Nxd4 7. f4 d6 8.
fxe5 dxe5 9. Bg5 Be6 10. Na3 Qe7 11. c3 Bxc4 12. Bxf6 gxf6 13. Nxc4 Qc5 14.
cxd4 Qxc4 15. Rc1 Qxd4+ 16. Qxd4 exd4 17. Rxc7 O-O 18. Rxf6 Rad8 19. Rf2 d3 20.
Rd2 Rd4 21. Rxb7 a5 22. Kf2 Re8 23. Rb3 Rexe4 24. Rbxd3 Rb4 25. Re3 Rh4 26. h3
a4 27. Ke2 Rb6 28. Kd1 Rc4 29. b3 Rf4 30. Kc2 Rg6 31. Kb2 h5 32. g3 Rb4 33. Ka3
Rgb6 34. Rd5 h4 35. g4 Rf4 36. Rg5+ Kf8 37. Rh5 axb3 38. axb3 Ra6+ 39. Kb2 Rf2+
40. Kc3 Rc6+ 41. Kb4 Rb6+ 42. Rb5 Rc6 43. Rc5 Rb6+ 44. Rb5 Rc6 45. Rf5 Rfc2 46.
Kb5 Rc8 47. b4 Rb8+ 48. Ka4 Rb2 49. Rb3 Ra2+ 50. Ra3 Rb2 51. Rb5 Re8 52. Ra5
Re4 53. Ra8+ Kg7 54. Rb8 Re7 55. Rc3 Re1 56. Rb7 Rf1 57. Ka5 Rg2 58. Rd7 Rb2
59. b5 Rf6 60. Rdd3 Re6 61. Rb3 Ra2+ 62. Ra3 Rc2 63. b6 Rcc6 64. Rdb3 Rcd6 65.
Ka6 Re7 66. Ra2 Kh7 67. Ra5 Kg6 68. Rc5 Rf6 69. Rbb5 Rd6 70. Rg5+ Kh6 1-0

[Event "Deutsche Schachbundesliga 2010/11"]
[Site "Baden-Baden/Germany"]
[Date "2010.10.09"]
[Round "1.1"]
[White "Gharamian, Tigran"]
[Black "Postny, Evgeny"]
[Result "1/2-1/2"]
[ECO "C67"]
[WhiteElo "2650"]
[BlackElo "2577"]
[Annotator "Robot 4"]
[PlyCount "85"]
[EventDate "2010.??.??"]
[WhiteTeam "REM"]
[BlackTeam "EPP"]
[TimeControl "40/6000+30:20/3000+30:900+30"]

1. e4 e5 2. Nf3 Nc6 3. Bb5 Nf6 4. O-O Nxe4 5. Re1 Nd6 6. Nxe5 Be7 7. Bf1 Nxe5
8. Rxe5 O-O 9. d4 Bf6 10. Re1 Nf5 11. d5 d6 12. c3 Re8 13. Nd2 Rxe1 14. Qxe1
Bg5 15. g3 Qe7 16. Ne4 Bxc1 17. Rxc1 Bd7 18. Bg2 Re8 19. Qd2 Nh6 20. c4 b6 21.
b4 Ng4 22. c5 Nf6 23. Nxf6+ Qxf6 24. h4 Bb5 25. cxb6 cxb6 26. Re1 Rxe1+ 27.
Qxe1 g6 28. Qc1 Qe5 29. a3 h5 30. Kh2 Qd4 31. Qf4 Qxf4 32. gxf4 Bd3 33. Kg3 Kg7
34. Kf3 Kf6 35. Ke3 Bc2 36. Bh3 Bb3 37. Bg2 Bd1 38. Bh3 Kg7 39. f5 Bb3 40. fxg6
fxg6 41. Bg2 Kf6 42. Kf4 Bc4 43. Ke4 1/2-1/2

[Event "Deutsche Schachbundesliga 2010/11"]
[Site "Baden-Baden/Germany"]
[Date "2010.10.09"]
[Round "1.2"]
[White "Gyimesi, Zoltan"]
[Black "Parligras, Mircea"]
[Result "1-0"]
[ECO "E15"]
[WhiteElo "2598"]
[BlackElo "2574"]
[Annotator "Robot 4"]
[PlyCount "61"]
[EventDate "2010.??.??"]
[WhiteTeam "EPP"]
[BlackTeam "REM"]
[TimeControl "40/6000+30:20/3000+30:900+30"]

1. d4 Nf6 2. c4 e6 3. Nf3 b6 4. g3 Ba6 5. b3 Bb4+ 6. Bd2 Be7 7. Bg2 c6 8. O-O
O-O 9. Qc2 d5 10. Rd1 Nbd7 11. a4 c5 12. a5 Qc8 13. cxd5 Nxd5 14. Nc3 Nb4 15.
Qb2 bxa5 16. Rac1 Rd8 17. Bg5 Nf6 18. Ne4 Bb7 19. Nxc5 Bxc5 20. Qa1 Na6 21.
Bxf6 gxf6 22. dxc5 Rxd1+ 23. Rxd1 Nxc5 24. Qxf6 Qf8 25. Ne5 Bxg2 26. Ng4 h6 27.
Kxg2 Kh7 28. Rc1 Rc8 29. Rc4 Rc6 30. Qf3 Rb6 31. Rxc5 1-0

[Event "Deutsche Schachbundesliga 2010/11"]
[Site "Baden-Baden/Germany"]
[Date "2010.10.09"]
[Round "1.8"]
[White "Paehtz, Elisabeth"]
[Black "Kipper, Jens"]
[Result "1/2-1/2"]
[ECO "C06"]
[WhiteElo "2485"]
[BlackElo "2394"]
[Annotator "Robot 4"]
[PlyCount "95"]
[EventDate "2010.??.??"]
[WhiteTeam "EPP"]
[BlackTeam "REM"]
[TimeControl "40/6000+30:20/3000+30:900+30"]

1. e4 e6 2. d4 d5 3. Nd2 Nf6 4. e5 Nfd7 5. Bd3 c5 6. c3 Nc6 7. Ne2 cxd4 8. cxd4
f6 9. Nf4 Nxd4 10. Qh5+ Ke7 11. exf6+ Nxf6 12. Ng6+ hxg6 13. Qxh8 Kf7 14. O-O
e5 15. Nb3 Nxb3 16. axb3 Be6 17. Bg5 e4 18. Be2 Qb6 19. Rfc1 Rd8 20. Qh4 Be7
21. Qg3 a6 22. Rc7 Rd7 23. Rxd7 Bxd7 24. Rc1 Bd6 25. Bf4 Bxf4 26. Qxf4 Qxb3 27.
Rc7 Ke7 28. Qe5+ Kd8 29. Rc3 Qb4 30. Bf1 Qb6 31. h3 d4 32. Rc4 d3 33. Rd4 Qb5
34. Qxb5 axb5 35. f3 exf3 36. Bxd3 Ke7 37. g4 g5 38. Kf2 Bc6 39. Bc2 Ke6 40.
Kg3 Ke5 41. Rd1 Ne4+ 42. Bxe4 Kxe4 43. Kf2 b4 44. Rd6 b3 45. Rd8 Bd5 46. Rd7
Bc6 47. Rd6 Bd5 48. Rd7 1/2-1/2

[Event "Deutsche Schachbundesliga 2010/11"]
[Site "Baden-Baden/Germany"]
[Date "2010.10.09"]
[Round "1.7"]
[White "Popovic, Petar"]
[Black "Medvegy, Zoltan"]
[Result "1/2-1/2"]
[ECO "B33"]
[WhiteElo "2495"]
[BlackElo "2522"]
[Annotator "Robot 4"]
[PlyCount "50"]
[EventDate "2010.??.??"]
[WhiteTeam "REM"]
[BlackTeam "EPP"]
[TimeControl "40/6000+30:20/3000+30:900+30"]

1. e4 c5 2. Nf3 Nc6 3. d4 cxd4 4. Nxd4 Nf6 5. Nc3 e5 6. Ndb5 d6 7. Bg5 a6 8.
Na3 b5 9. Nd5 Be7 10. Bxf6 Bxf6 11. c4 b4 12. Nc2 O-O 13. g3 Bg5 14. Bg2 Qa5
15. b3 Qc5 16. O-O a5 17. Qd3 Be6 18. Rad1 Bxd5 19. Qxd5 Rfd8 20. h4 Be7 21.
Bh3 a4 22. Qd3 axb3 23. axb3 Ra2 24. Rd2 g6 25. Rfd1 Bf8 1/2-1/2

[Event "Deutsche Schachbundesliga 2010/11"]
[Site "Aue/Germany"]
[Date "2010.10.09"]
[Round "1.4"]
[White "Renner, Christoph"]
[Black "Ris, Robert"]
[Result "0-1"]
[ECO "A16"]
[WhiteElo "2420"]
[BlackElo "2423"]
[Annotator "Robot 4"]
[PlyCount "80"]
[EventDate "2010.??.??"]
[WhiteTeam "BAY"]
[BlackTeam "KAT"]
[TimeControl "40/6000+30:20/3000+30:900+30"]

1. c4 Nf6 2. Nc3 d5 3. cxd5 Nxd5 4. g3 g6 5. Bg2 Nxc3 6. bxc3 Bg7 7. Rb1 Nc6 8.
Nf3 Qd7 9. Qa4 O-O 10. Ba3 Rd8 11. O-O b6 12. Rfc1 Bb7 13. c4 Nd4 14. Qxd7 Rxd7
15. Nxd4 Bxg2 16. Kxg2 Rxd4 17. Rc2 e6 18. d3 Rd7 19. Bc1 c5 20. a4 Be5 21. a5
Rb8 22. Be3 Kf8 23. f4 Bd6 24. Rcb2 Rdb7 25. g4 Ke7 26. Kf3 Kd7 27. g5 Kc6 28.
a6 Re7 29. Ke4 h6 30. h4 Rh8 31. d4 cxd4 32. Bxd4 e5 33. fxe5 hxg5 34. Rxb6+
axb6 35. Rxb6+ Kc7 36. Rxd6 gxh4 37. Kd5 h3 38. Rc6+ Kb8 39. Rb6+ Ka8 40. Rb1
Rd7+ 0-1

[Event "Deutsche Schachbundesliga 2010/11"]
[Site "Aue/Germany"]
[Date "2010.10.09"]
[Round "1.8"]
[White "Deglmann, Ludwig"]
[Black "Rosen, Bernd"]
[Result "1/2-1/2"]
[ECO "A37"]
[WhiteElo "2402"]
[BlackElo "2353"]
[Annotator "Robot 4"]
[PlyCount "43"]
[EventDate "2010.??.??"]
[WhiteTeam "BAY"]
[BlackTeam "KAT"]
[TimeControl "40/6000+30:20/3000+30:900+30"]

1. c4 c5 2. g3 Nc6 3. Bg2 g6 4. Nc3 Bg7 5. a3 d6 6. Rb1 a5 7. Nf3 e5 8. O-O
Nge7 9. d3 O-O 10. Ne1 Be6 11. Bg5 f6 12. Bd2 Rb8 13. Nc2 d5 14. cxd5 Nxd5 15.
Nxd5 Bxd5 16. Bxd5+ Qxd5 17. b4 axb4 18. axb4 cxb4 19. Nxb4 Nxb4 20. Bxb4 Rfc8
21. Qb3 Qxb3 22. Rxb3 1/2-1/2

[Event "Deutsche Schachbundesliga 2010/11"]
[Site "Aue/Germany"]
[Date "2010.10.09"]
[Round "1.7"]
[White "Kotainy, Jens"]
[Black "Meissner, Bernd Guenther"]
[Result "1-0"]
[ECO "C24"]
[WhiteElo "2299"]
[BlackElo "2401"]
[Annotator "Robot 4"]
[PlyCount "91"]
[EventDate "2010.??.??"]
[WhiteTeam "KAT"]
[BlackTeam "BAY"]
[TimeControl "40/6000+30:20/3000+30:900+30"]

1. e4 e5 2. Bc4 Nf6 3. d4 Nxe4 4. dxe5 Qh4 5. Qf3 Ng5 6. Bxg5 Qxc4 7. Nc3 h6 8.
Bf4 Nc6 9. O-O-O Be7 10. Nge2 a5 11. Kb1 O-O 12. Qg3 Kh8 13. Rhe1 a4 14. Nd5
Nb4 15. Nec3 Nxd5 16. Nxd5 Bd8 17. Qf3 Ra6 18. Re4 Qb5 19. c4 Qc6 20. Nb4 Qg6
21. Nxa6 bxa6 22. Ka1 Bb7 23. Qa3 Re8 24. Red4 Bc6 25. Qg3 Qf5 26. Qd3 Qh5 27.
f3 f6 28. e6 Rxe6 29. Rxd7 Bxd7 30. Qxd7 Re8 31. g4 Qg6 32. Qxa4 Kh7 33. a3 Rf8
34. Qxa6 Qc2 35. Rd2 Qb3 36. Qc6 f5 37. Qc5 Re8 38. Qxf5+ Kh8 39. Be5 Bf6 40.
f4 Bxe5 41. fxe5 Qxc4 42. Rc2 Qd5 43. Rxc7 Qh1+ 44. Ka2 Qd5+ 45. b3 Qd8 46. Qd7
1-0